 Dungeon Crawl Stone Soup version 0.22-a0-512-g0943f25562 (webtiles) character file.

819 Niddhogr the Sneak (level 8, -4/58 HPs)
             Began as a Formicid Fighter on June 18, 2018.
             Slain by a gnoll (6 damage)
             ... on level 4 of the Dungeon.
             The game lasted 00:09:48 (3903 turns).

Niddhogr the Sneak (Formicid Fighter)               Turns: 3903, Time: 00:09:49

Health: -4/58      AC:  6    Str: 22    XL:     8   Next: 16%
Magic:  8/8        EV:  8    Int:  7    God:
Gold:   153        SH: 10    Dex: 14    Spells: 7/7 levels left

rFire    . . .     SeeInvis +   a - +0 trident
rCold    . . .     Gourm    .   c - +0 shield
rNeg     . . .     Faith    .   b - +0 scale mail
rPois    .         Spirit   .   (helmet unavailable)
rElec    .         Reflect  .   (no cloak)
rCorr    .         Harm     .   (no gloves)
MR       +....                  (no boots)
Stlth    ++........             (no amulet)
HPRegen  0.19/turn              l - ring of protection from magic
MPRegen  0.11/turn              s - +2 ring of dexterity

@: no status effects
A: permanent stasis, dig shafts and tunnels, four strong arms, antennae 3
a: Dig, Shaft Self


You were on level 4 of the Dungeon.
You were not hungry.

You visited 1 branch of the dungeon, and saw 4 of its levels.

You collected 153 gold pieces.

Inventory:

Hand Weapons
 a - a +0 trident (weapon)
Missiles
 k - 2 throwing nets (quivered)
Armour
 b - a +0 scale mail (worn)
 c - a +0 shield (worn)
Jewellery
 l - a ring of protection from magic (left hand)
 s - a +2 ring of dexterity (right hand)
Wands
 i - a wand of flame (29)
Scrolls
 e - 2 scrolls of enchant armour
 g - a scroll of remove curse
 j - a scroll of magic mapping
 m - a scroll of blinking {unknown}
 n - a scroll of identify
Potions
 d - a potion of heal wounds {unknown}
 h - a potion of curing {unknown}
 o - a potion of berserk rage {unknown}
 p - 2 potions of lignification {unknown}
 q - 2 potions of magic {unknown}
 t - a potion of flight {unknown}
Comestibles
 f - 8 rations
 r - a chunk of flesh


   Skills:
 - Level 3.2 Fighting
 + Level 6.3 Polearms
 - Level 3.2 Armour
 + Level 7.8 Stealth
 - Level 3.6 Shields


You had 7 spell levels left.
You didn't know any spells.
Your spell library was empty.

Dungeon Overview and Level Annotations

Branches:
Dungeon (4/15)
 Temple: D:4-7

Altars:
Ashenzari
Sif Muna
Vehumet


Innate Abilities, Weirdness & Mutations

You cannot be hasted, slowed, berserked, paralysed or teleported.
You can dig through walls and to a lower floor.
Your four strong arms can wield two-handed weapons with a shield.
You have a pair of large antennae on your head. (SInv)


Message History

The kobold hits you but does no damage. The kobold completely misses you.
The big kobold hits you but does no damage.
You block the gnoll's attack.
The big kobold hits you but does no damage.
Unknown command.
You hit the gnoll but do no damage.
The gnoll is severely wounded.
You block the big kobold's attack. The kobold hits you but does no damage.
The kobold closely misses you. The gnoll hits you.
* * * LOW HITPOINT WARNING * * *
You block the big kobold's attack. The big kobold barely misses you.
Unknown command.
Unknown command.
Okay, then.
Unknown command.
You closely miss the gnoll.
The gnoll is severely wounded.
You block the big kobold's attack.
The kobold hits you but does no damage. x2
The gnoll hits you.
You die...

≈≈≈≈≈≈≈≈≈≈....≈≈≈≈≈≈≈≈≈≈≈≈≈≈≈≈≈≈≈
≈≈≈≈≈≈≈≈≈≈.(...≈≈≈≈≈≈≈≈≈≈≈≈≈≈≈≈≈≈
≈≈≈≈≈≈≈≈≈≈....≈≈≈≈≈≈≈≈≈≈≈≈≈≈≈≈≈≈≈
###########('####################
{ #....# { ... {{ #....#{ ....
#########....#########.....
.......#......#KK........#
.......'......g@K........#
.......#......#KK........#
#########....#########.....
#....# .... #....# ... ###### ##


You could see 3 big kobolds, a gnoll and 2 kobolds.

Vanquished Creatures
  Menkaure (D:4)
  2 phantoms (D:4)
  2 big kobolds (D:4)
  A scorpion (D:4)
  2 electric eels (D:3)
  A howler monkey (D:4)
  An orc priest (D:3)
  A centaur skeleton (D:2)
  2 worker ants (D:4)
  A gnoll (D:4)
  2 adders (D:3)
  A worm (D:3)
  A dart slug (D:4)
  4 leopard geckos
  4 orcs
  A ball python (D:4)
  7 bats
  4 giant cockroaches
  9 goblins
  11 hobgoblins
  10 jackals
  25 kobolds
  3 quokkas (D:3)
  6 frilled lizards
  7 rats
109 creatures vanquished.

Notes
Turn   | Place    | Note
-------+----------+-------------------------------------------
     0 | D:1      | Niddhogr the Formicid Fighter began the quest for the Orb.
     0 | D:1      | Reached XP level 1. HP: 18/18 MP: 1/1
    27 | D:1      | Reached skill level 1 in Stealth
    43 | D:1      | Reached XP level 2. HP: 18/24 MP: 2/2
   156 | D:1      | Reached skill level 2 in Stealth
   230 | D:1      | Reached XP level 3. HP: 29/29 MP: 3/3
   750 | D:2      | Found a faded altar of an unknown god.
   782 | D:2      | Found a radiant altar of Vehumet.
   813 | D:2      | Reached XP level 4. HP: 29/35 MP: 4/4
   870 | D:2      | Reached skill level 3 in Stealth
  1540 | D:4      | Noticed a phantom
  1544 | D:4      | Reached skill level 4 in Stealth
  1544 | D:4      | Reached XP level 5. HP: 39/41 MP: 5/5
  1572 | D:4      | Killed a phantom
  1572 | D:4      | Reached skill level 5 in Stealth
  1572 | D:4      | Reached XP level 6. HP: 34/47 MP: 6/6
  1673 | D:4      | Noticed Menkaure
  1989 | D:3      | Found a transporter.
  1991 | D:3      | Found a transporter.
  2564 | D:3      | Found a deep blue altar of Sif Muna.
  3094 | D:3      | Reached skill level 5 in Polearms
  3102 | D:3      | Reached skill level 6 in Stealth
  3102 | D:3      | Reached XP level 7. HP: 44/52 MP: 7/7
  3180 | D:4      | Found a shattered altar of Ashenzari.
  3544 | D:4      | Killed Menkaure
  3544 | D:4      | Reached skill level 7 in Stealth
  3731 | D:4      | Reached XP level 8. HP: 54/58 MP: 8/8
  3902 | D:4      | HP: 2/58 [gnoll (6)]
  3903 | D:4      | Slain by a gnoll

Vault maps used:
D:1:      nicolae_arrival_washed_ashore
D:2:      vehumet_crystals, chequers_ecumenical_altar_simple_redux
D:3:      gammafunk_steamed_eel, lemuel_round_altar
D:4:      minmay_goblin_kobold_castle, cheibrodos_ashenzari_chains,
          first_ration, uniq_menkaure

Skill      XL: |  1  2  3  4  5  6  7 |
---------------+----------------------+-----
Stealth        | 1 2 4 5 6 7 |  7.8
Polearms       | 3 4 5 6 |  6.3
Fighting       | |  3.2
Armour         | |  3.2
Shields        | |  3.6

Action                   |  1- 3 |  4- 6 |  7- 9 || total
-------------------------+-------+-------+-------++-------
Melee: Trident           |   148 |   234 |   132 ||   514
Evoke: Wand              |       |       |     6 ||     6
  Use: Scroll            |       |     8 |       ||     8
       Potion            |       |     2 |       ||     2
 Stab: Sleeping          |       |     2 |     1 ||     3
       Invisible         |       |     1 |       ||     1
  Eat: Chunk             |       |     5 |     2 ||     7
       Ration            |       |     1 |       ||     1
Armor: Scale mail        |    78 |    84 |    63 ||   225
Dodge: Dodged            |    29 |    74 |    44 ||   147
Block: Shield            |    82 |   152 |    63 ||   297

Table legend:
 A = Spawn XP
 B = Non-spawn XP
 C = Spawn XP percentage of total XP
 D = Spawn monster count
 E = Non-spawn monster count
 F = Spawn count percentage of total count
 G = Total turns spent on level
                    A         B        C        D         E        F      G
               +---------+---------+-------+---------+---------+-------+---------
         Total |       0 |    1171 |   0.0 |       0 |     109 |   0.0 |  3903
               +---------+---------+-------+---------+---------+-------+---------
           D:1 |       0 |      54 |   0.0 |       0 |      31 |   0.0 |   719
           D:2 |       0 |      69 |   0.0 |       0 |      19 |   0.0 |   548
           D:3 |       0 |     216 |   0.0 |       0 |      24 |   0.0 |  1556
           D:4 |       0 |     832 |   0.0 |       0 |      35 |   0.0 |  1080
               +---------+---------+-------+---------+---------+-------+---------
